Thunder vs Influenza

Created - 11 février 2017 at 00:13

Goals
1 2 3 T
Thunder 0 3 1 4
Influenza 3 2 1 6
Shots
1 2 3 T
Thunder 6 17 7 30
Influenza 19 7 8 34

1st period

1. Influenza , Mathieu Carle 6 (Ben Smith, Evgeny Grachev) at 7:55
2. Influenza , Robbie Earl 24 (John Klingberg, Martins Karsums) at 8:55
3. Influenza , Evgeny Grachev 29 (Ben Smith, Jamie Benn) at 16:13

Penalties :
Magnus Paajarvi-Svensson (TRO) for Holding Stick (Minor) at 12:35

2nd period

4. Thunder , Joey Ryan 5 (David Fischer, Devan Dubnyk) at 4:41 (PP)
5. Influenza , John Klingberg 9 (Andreas Engqvist, Ryan Russell) at 11:02
6. Thunder , David Fischer 7 (Joey Ryan, Devan Dubnyk) at 12:35
7. Influenza , Jamie Benn 24 (Martins Karsums, Matt Corrente) at 15:29 (PP)
8. Thunder , Pierre-Alexandre Parenteau 20 (Tom Pyatt, Dany Roussin) at 18:36

Penalties :
Martins Karsums (VJB) for High sticking (Minor) at 0:05, Jay Beagle (TRO) for Tripping (Minor) at 1:31, Jordan Schroeder (VJB) for Hooking (Minor) at 4:09, Dalton Smith (TRO) for Slashing (Minor) at 14:38

3rd period

9. Influenza , T.J Galiardi 19 (John Klingberg, Mathieu Carle) at 0:55
10. Thunder , Tom Pyatt 18 (Jay Beagle, David Fischer) at 7:08 (SH)

Penalties :
Matt Corrente (VJB) for Hooking (Minor) at 1:46, Dany Roussin (TRO) for Hooking (Minor) at 3:20, David Wolf (TRO) for Slashing (Minor) at 6:33, Pierre-Alexandre Parenteau (TRO) for Tripping (Minor) at 15:26, Daultan Leveillé (TRO) for Roughing (Minor) at 18:00

Goalie Stats

Devan Dubnyk (TRO), 18 saves from 23 shots - (0,783), L, 9-15-1, 35:29 minutes
Erik Ersberg (TRO), 10 saves from 11 shots - (0,909), 24:31 minutes
Thomas McCollum (VJB), 26 saves from 30 shots - (0,867), W, 22-10-2, 60:00 minutes

Players Stats for Thunder

Player Name              G  A  P  +/- PIM S  H  SB GA TA FO     MP     PP MP  PK MP  
------------------------------------------------------------------------------------
Dalton Smith             0  0  0  -1  2   0  0  0  0  0  0/0     7:10   0:00   0:00 
Dany Roussin             0  1  1   0  2   4  5  0  0  0  8/11   23:55   2:00   5:58 
Daultan Leveillé         0  0  0  -1  2   2  2  0  2  0  2/10   14:04   1:31   0:00 
David Clarkson           0  0  0  -1  0   1  2  0  0  1  0/0    11:30   0:00   2:51 
David Fischer            1  2  3   1  0   6  4  2  3  1  0/0    31:56   2:05   5:35 
David Wolf               0  0  0  -1  2   1  2  0  0  0  0/0     9:29   0:00   0:47 
Evgeny Kuznetsov         0  0  0  -1  0   0  1  0  0  0  1/1    10:21   0:00   1:43 
Jared Staal              0  0  0   0  0   0  0  0  0  0  1/1     0:19   0:00   0:00 
Jay Beagle               0  1  1   0  2   1  0  1  0  0  0/0    16:16   1:30   2:03 
Joe Labate               0  0  0   0  0   0  0  0  0  0  0/0     0:24   0:00   0:18 
Joey Ryan                1  1  2  -1  0   3  2  1  0  0  0/0    28:32   2:05   5:48 
Josiah Didier            0  0  0   0  0   0  1  0  0  0  0/0    12:02   0:00   0:00 
Kelly Zajac              0  0  0  -1  0   0  0  0  1  0  0/0     7:11   0:00   0:00 
Magnus Paajarvi-Svensson 0  0  0  -1  2   0  2  0  1  0  0/0    16:19   1:31   2:06 
Peter Andersson          0  0  0  -1  0   0  0  1  0  0  0/0    21:51   1:27   6:12 
Pierre-Alexandre Parente 1  0  1   0  2   2  1  0  2  0  2/3    23:15   2:01   5:06 
Robin Leblanc            0  0  0  -1  0   1  0  0  0  0  0/0     7:11   0:00   0:00 
Tom Pyatt                1  1  2   1  0   5  2  0  0  1  12/28  19:57   2:01   2:42 
Tyson Barrie             0  0  0  -3  0   4  1  2  0  0  0/0    25:26   1:27   5:59 

Players Stats for Influenza

Player Name              G  A  P  +/- PIM S  H  SB GA TA FO     MP     PP MP  PK MP  
------------------------------------------------------------------------------------
Andreas Engqvist         0  1  1   0  0   3  0  0  0  0  1/2     8:02   0:00   0:00 
Ben Smith                0  2  2   1  0   3  0  0  0  1  1/4    22:04   4:31   2:21 
Carl Gunnarsson          0  0  0   0  0   0  2  0  0  0  0/0    21:00   5:37   1:29 
Charlie Coyle            0  0  0  -1  0   0  1  0  0  1  8/11   17:33   4:56   1:03 
Corey Tropp              0  0  0   0  0   1  1  1  0  0  0/0     8:02   0:00   0:00 
Evgeny Grachev           1  1  2   2  0   4  1  0  0  0  15/31  23:26   6:12   2:18 
Jamie Benn               1  1  2   2  0   2  2  0  0  0  2/2    22:04   6:50   1:11 
Jeff May                 0  0  0   0  0   0  0  1  0  1  0/0    10:46   0:00   0:19 
Jeremy Morin             0  0  0   1  0   3  3  0  2  0  0/0    10:33   0:23   0:00 
John Klingberg           1  2  3   2  0   3  1  1  0  3  0/0    28:33   6:10   2:03 
Jordan Schroeder         0  0  0   1  2   1  0  0  0  0  1/4    11:07   0:42   0:11 
Martins Karsums          0  2  2   0  2   3  0  2  0  1  0/0    18:03   6:53   0:00 
Mathieu Carle            1  1  2   2  0   1  1  2  1  1  0/0    29:06   6:10   2:36 
Matt Corrente            0  1  1   0  2   0  0  2  0  0  0/0    20:07   5:37   0:37 
Robbie Earl              1  0  1  -1  0   4  1  0  0  0  0/0    16:22   4:54   0:00 
Ryan Russell             0  1  1   0  0   3  1  0  0  0  0/0     8:02   0:00   0:00 
T.J Galiardi             1  0  1   1  0   1  1  0  0  1  0/0    10:10   0:00   0:00 
Tim Erixon               0  0  0   0  0   2  2  1  0  0  0/0    10:27   0:00   0:00 

3 Stars

1 - David Fischer (TRO)
2 - John Klingberg (VJB)
3 - Jamie Benn (VJB)

Power Play

Thunder - 1 on 3 Attempt(s) - 33,33%
Influenza - 1 on 7 Attempt(s) - 14,29%

Penalty Kill

Thunder - 6 on 7 Attempt(s) - 85,71% - Score 1 goal in Penalty Kill
Influenza - 2 on 3 Attempt(s) - 66,67% - Score 0 goal in Penalty Kill

Team Stat

Thunder - Hits : 25 - Faceoff Wins : 26 - Blocked Shots : 7 - Penalty Minutes : 14
Influenza - Hits : 17 - Faceoff Wins : 28 - Blocked Shots : 10 - Penalty Minutes : 6

Official

Referees : Auger Stephane and Sutherland Kelly
Linesman : Vaughan Rody and Tony Sericolo

Game Notes

Erik Ersberg enters game at 15:29 of 2nd period

Finance

Level 1 -- Attendance: 1352 (67,60%) -- Ticket Income 54 080 $
Level 2 -- Attendance: 700 (70,00%) -- Ticket Income 14 000 $
Total Attendance: 2052 (68,40%)
Total Ticket Income: 68 080 $
Other Income: 3 404 $
Total Income: 71 484 $

Thunder

5 vs 5 Forward 
   Center                   Left Wing                Right Wing               Time % Phy DF OF 
 1 Tom Pyatt                Dany Roussin             Pierre-Alexandre Parentea40     1   2  2  
 2 Daultan Leveillé         Magnus Paajarvi-Svensson Jay Beagle               30     1   2  2  
 3 Evgeny Kuznetsov         David Wolf               David Clarkson           20     1   2  2  
 4 Kelly Zajac              Dalton Smith             Robin Leblanc            10     1   2  2  

5 vs 5 Defense 
   Defense                  Defense                                           Time % Phy DF OF 
 1 David Fischer            Joey Ryan                                         40     1   2  2  
 2 Tyson Barrie             Peter Andersson                                   30     1   2  2  
 3 Josiah Didier            David Fischer                                     20     1   2  2  
 4 Joey Ryan                Tyson Barrie                                      10     1   2  2  

PowerPlay Forward 
   Center                   Left Wing                Right Wing               Time % Phy DF OF 
 1 Tom Pyatt                Dany Roussin             Pierre-Alexandre Parentea60     1   2  2  
 2 Daultan Leveillé         Magnus Paajarvi-Svensson Jay Beagle               40     1   2  2  

PowerPlay Defense
   Defense                  Defense                                           Time % Phy DF OF 
 1 David Fischer            Joey Ryan                                         60     1   2  2  
 2 Tyson Barrie             Peter Andersson                                   40     1   2  2  

Penalty Kill 4 Players Forward 
   Center                   Wing                     Time % Phy DF OF 
 1 Dany Roussin             Pierre-Alexandre Parentea60     1   2  2  
 2 Tom Pyatt                Jay Beagle               40     1   2  2  

Penalty Kill 4 Players Defense
   Defense                  Defense                  Time % Phy DF OF 
 1 David Fischer            Joey Ryan                60     1   2  2  
 2 Tyson Barrie             Peter Andersson          40     1   2  2  

Penalty Kill - 3 Players Forward 
   Forward                                           Time % Phy DF OF 
 1 Dany Roussin                                      60     1   2  2  
 2 Pierre-Alexandre Parentea                         40     1   2  2  

Penalty Kill - 3 Players Defense
   Defense                  Defense                  Time % Phy DF OF 
 1 David Fischer            Joey Ryan                60     1   2  2  
 2 Tyson Barrie             Peter Andersson          40     1   2  2  

4 vs 4 Forward 
   Center                   Wing                     Time % Phy DF OF 
 1 Dany Roussin             Pierre-Alexandre Parentea60     1   2  2  
 2 Tom Pyatt                Jay Beagle               40     1   2  2  

4 vs 4 Defense
   Defense                  Defense                  Time % Phy DF OF 
 1 David Fischer            Joey Ryan                60     1   2  2  
 2 Tyson Barrie             Peter Andersson          40     1   2  2  

Last Minutes Offensive
   Center                   Left Wing                Right Wing               Defense                  Defense                  
   Tom Pyatt                Dany Roussin             Pierre-Alexandre ParenteaDavid Fischer            Joey Ryan                

Last Minutes Defensive
   Center                   Left Wing                Right Wing               Defense                  Defense                  
   Tom Pyatt                Dany Roussin             Pierre-Alexandre ParenteaDavid Fischer            Joey Ryan                

Goaltenders
Starting : Devan Dubnyk             
Backup : Erik Ersberg             

Extra Forwards
Normal : Jared Staal, Joe Labate, David Clarkson - PP : Jared Staal, Joe Labate - PK : David Clarkson
Extra Defensemen
Normal : Josiah Didier, Peter Andersson, David Fischer - PP : Josiah Didier - PK : Peter Andersson, David Fischer
Penalty Shots
Dany Roussin, Pierre-Alexandre Parenteau, Tom Pyatt, Jay Beagle, David Clarkson

Influenza

5 vs 5 Forward 
   Center                   Left Wing                Right Wing               Time % Phy DF OF 
 1 Evgeny Grachev           Jamie Benn               Ben Smith                40     1   2  2  
 2 Charlie Coyle            Robbie Earl              Martins Karsums          30     1   2  2  
 3 Jordan Schroeder         T.J Galiardi             Jeremy Morin             20     1   2  2  
 4 Andreas Engqvist         Ryan Russell             Corey Tropp              10     1   2  2  

5 vs 5 Defense 
   Defense                  Defense                                           Time % Phy DF OF 
 1 John Klingberg           Mathieu Carle                                     40     1   2  2  
 2 Carl Gunnarsson          Matt Corrente                                     30     1   2  2  
 3 Tim Erixon               Jeff May                                          20     1   2  2  
 4 John Klingberg           Mathieu Carle                                     10     1   2  2  

PowerPlay Forward 
   Center                   Left Wing                Right Wing               Time % Phy DF OF 
 1 Evgeny Grachev           Jamie Benn               Martins Karsums          60     1   2  2  
 2 Charlie Coyle            Robbie Earl              Ben Smith                40     1   2  2  

PowerPlay Defense
   Defense                  Defense                                           Time % Phy DF OF 
 1 John Klingberg           Mathieu Carle                                     60     1   2  2  
 2 Carl Gunnarsson          Matt Corrente                                     40     1   2  2  

Penalty Kill 4 Players Forward 
   Center                   Wing                     Time % Phy DF OF 
 1 Evgeny Grachev           Ben Smith                60     1   2  2  
 2 Charlie Coyle            Jamie Benn               40     1   2  2  

Penalty Kill 4 Players Defense
   Defense                  Defense                  Time % Phy DF OF 
 1 John Klingberg           Mathieu Carle            60     1   2  2  
 2 Carl Gunnarsson          Matt Corrente            40     1   2  2  

Penalty Kill - 3 Players Forward 
   Forward                                           Time % Phy DF OF 
 1 Evgeny Grachev                                    60     1   2  2  
 2 Charlie Coyle                                     40     1   2  2  

Penalty Kill - 3 Players Defense
   Defense                  Defense                  Time % Phy DF OF 
 1 John Klingberg           Mathieu Carle            60     1   2  2  
 2 Carl Gunnarsson          Matt Corrente            40     1   2  2  

4 vs 4 Forward 
   Center                   Wing                     Time % Phy DF OF 
 1 Evgeny Grachev           Ben Smith                60     1   2  2  
 2 Charlie Coyle            Jamie Benn               40     1   2  2  

4 vs 4 Defense
   Defense                  Defense                  Time % Phy DF OF 
 1 John Klingberg           Mathieu Carle            60     1   2  2  
 2 Carl Gunnarsson          Matt Corrente            40     1   2  2  

Last Minutes Offensive
   Center                   Left Wing                Right Wing               Defense                  Defense                  
   Evgeny Grachev           Jamie Benn               Martins Karsums          John Klingberg           Mathieu Carle            

Last Minutes Defensive
   Center                   Left Wing                Right Wing               Defense                  Defense                  
   Charlie Coyle            Robbie Earl              Ben Smith                John Klingberg           Mathieu Carle            

Goaltenders
Starting : Thomas McCollum          
Backup : Olivier Roy              

Extra Forwards
Normal : Charlie Coyle, Ben Smith, Jeremy Morin - PP : Evgeny Grachev, Ben Smith - PK : Charlie Coyle
Extra Defensemen
Normal : Carl Gunnarsson, John Klingberg, Matt Corrente - PP : Carl Gunnarsson - PK : Carl Gunnarsson, Mathieu Carle
Penalty Shots
Jamie Benn, Robbie Earl, Ben Smith, John Klingberg, Evgeny Grachev

% Time on Ice - Thunder

Lines # - Real PCT - Wanted PCT - Time Play
Normal Forward
1 - 35% - 40% - 15:11
2 - 29% - 30% - 12:43
3 - 20% - 20% - 8:38
4 - 16% - 10% - 7:11
Normal Defense
1 - 33% - 40% - 14:16
2 - 32% - 30% - 13:48
3 - 23% - 20% - 10:16
4 - 12% - 10% - 5:23
PP Forward
1 - 57% - 60% - 2:01
2 - 43% - 40% - 1:31
PP Defense
1 - 59% - 60% - 2:05
2 - 41% - 40% - 1:27
PK Forward
1 - 77% - 60% - 9:05
2 - 23% - 40% - 2:42
PK Defense
1 - 49% - 60% - 5:48
2 - 51% - 40% - 5:59
PK3 Forward
1 - 0% - 60%
2 - 0% - 40%
PK3 Defense
1 - 0% - 60%
2 - 0% - 40%
44 Forward
1 - 100% - 60% - 0:58
2 - 0% - 40% - 0:00
44 Defense
1 - 100% - 60% - 0:58
2 - 0% - 40% - 0:00
Last Minute Offensive  - 0:00
Last Minute Defensive  - 0:00
Total
Forward - 60:00
Defense - 60:00

% Time on Ice - Influenza

Lines # - Real PCT - Wanted PCT - Time Play
Normal Forward
1 - 32% - 40% - 14:03
2 - 26% - 30% - 11:28
3 - 23% - 20% - 10:10
4 - 18% - 10% - 8:02
Normal Defense
1 - 39% - 40% - 16:58
2 - 31% - 30% - 13:43
3 - 24% - 20% - 10:27
4 - 6% - 10% - 2:35
PP Forward
1 - 58% - 60% - 6:53
2 - 42% - 40% - 4:54
PP Defense
1 - 52% - 60% - 6:10
2 - 48% - 40% - 5:37
PK Forward
1 - 73% - 60% - 2:35
2 - 27% - 40% - 0:57
PK Defense
1 - 58% - 60% - 2:03
2 - 42% - 40% - 1:29
PK3 Forward
1 - 0% - 60%
2 - 0% - 40%
PK3 Defense
1 - 0% - 60%
2 - 0% - 40%
44 Forward
1 - 100% - 60% - 0:58
2 - 0% - 40% - 0:00
44 Defense
1 - 81% - 60% - 0:47
2 - 19% - 40% - 0:11
Last Minute Offensive  - 0:00
Last Minute Defensive  - 0:00
Total
Forward - 60:00
Defense - 60:00

Play by Play

1st period


0:01 of 1st period - Tom Pyatt wins face-off versus Ben Smith in neutral zone.
1:10 of 1st period - Wrist shot by Ryan Russell.
1:10 of 1st period - Stopped by Devan Dubnyk with a rebound.
1:12 of 1st period - Snap shot by Corey Tropp.
1:12 of 1st period - Deflect By Andreas Engqvist.
1:12 of 1st period - Stopped by Devan Dubnyk without a rebound.
1:13 of 1st period - Jamie Benn wins face-off versus Tom Pyatt in Thunder zone.
1:33 of 1st period - Snap shot by Pierre-Alexandre Parenteau.
1:33 of 1st period - Shot Misses the Net.
2:23 of 1st period - Snap shot by Ben Smith.
2:23 of 1st period - Stopped by Devan Dubnyk without a rebound.
2:24 of 1st period - Charlie Coyle wins face-off versus Daultan Leveillé in Thunder zone.
2:25 of 1st period - Snap shot by Martins Karsums.
2:25 of 1st period - Stopped by Devan Dubnyk with a rebound.
2:27 of 1st period - Wrist shot by Robbie Earl.
2:27 of 1st period - Stopped by Devan Dubnyk with a rebound.
2:49 of 1st period - Jeremy Morin is hit by David Fischer.
3:19 of 1st period - Snap shot by Ryan Russell.
3:19 of 1st period - Shot Misses the Net.
4:11 of 1st period - Joey Ryan is hit by Corey Tropp and loses puck.
5:08 of 1st period - Icing by Josiah Didier.
5:09 of 1st period - Pierre-Alexandre Parenteau wins face-off versus Andreas Engqvist in Thunder zone.
5:22 of 1st period - Slapshot by Matt Corrente.
5:22 of 1st period - Shot Misses the Net.
5:24 of 1st period - Snap shot by Carl Gunnarsson.
5:24 of 1st period - Deflect By Ryan Russell.
5:24 of 1st period - Stopped by Devan Dubnyk with a rebound.
5:34 of 1st period - Martins Karsums is hit by Dany Roussin and loses puck.
7:43 of 1st period - Off-side.
7:44 of 1st period - Jordan Schroeder wins face-off versus Daultan Leveillé in neutral zone.
7:47 of 1st period - Slapshot by John Klingberg.
7:47 of 1st period - Shot Misses the Net.
7:49 of 1st period - Snap shot by Jeremy Morin.
7:49 of 1st period - Stopped by Devan Dubnyk with a rebound.
7:51 of 1st period - Snap shot by Jeremy Morin.
7:51 of 1st period - Stopped by Devan Dubnyk without a rebound.
7:52 of 1st period - Evgeny Grachev wins face-off versus Tom Pyatt in Thunder zone.
7:53 of 1st period - Snap shot by Ben Smith.
7:53 of 1st period - Shot Blocked by David Fischer.
7:55 of 1st period - Slapshot by Mathieu Carle.
7:55 of 1st period - Goal by Mathieu Carle - Thunder : 0 - Influenza : 1.
7:56 of 1st period - Evgeny Grachev wins face-off versus Tom Pyatt in neutral zone.
8:23 of 1st period - Mathieu Carle is hit by David Fischer.
8:37 of 1st period - Robbie Earl is hit by Daultan Leveillé and loses puck.
8:53 of 1st period - Slapshot by John Klingberg.
8:53 of 1st period - Stopped by Devan Dubnyk with a rebound.
8:55 of 1st period - Snap shot by Robbie Earl.
8:55 of 1st period - Goal by Robbie Earl - Thunder : 0 - Influenza : 2.
8:56 of 1st period - Evgeny Grachev wins face-off versus Tom Pyatt in neutral zone.
8:59 of 1st period - Tom Pyatt is hit by Jamie Benn and loses puck.
9:47 of 1st period - David Wolf is hit by Jeremy Morin and loses puck.
10:35 of 1st period - Slapshot by Dany Roussin.
10:35 of 1st period - Shot Misses the Net.
10:55 of 1st period - Snap shot by Robbie Earl.
10:55 of 1st period - Stopped by Devan Dubnyk without a rebound.
10:56 of 1st period - Tom Pyatt wins face-off versus Jordan Schroeder in Thunder zone.
11:26 of 1st period - Snap shot by Jay Beagle.
11:26 of 1st period - Shot Misses the Net.
11:31 of 1st period - Off-side.
11:32 of 1st period - Charlie Coyle wins face-off versus Tom Pyatt in neutral zone.
11:37 of 1st period - Snap shot by Robbie Earl.
11:37 of 1st period - Stopped by Devan Dubnyk with a rebound.
12:19 of 1st period - Wrist shot by Ryan Russell.
12:19 of 1st period - Shot Misses the Net.
12:21 of 1st period - Snap shot by Andreas Engqvist.
12:21 of 1st period - Stopped by Devan Dubnyk with a rebound.
12:25 of 1st period - Snap shot by Ryan Russell.
12:25 of 1st period - Stopped by Devan Dubnyk with a rebound.
12:35 of 1st period - Minor Penalty to Magnus Paajarvi-Svensson for Holding Stick.
12:36 of 1st period - Dany Roussin wins face-off versus Evgeny Grachev in Thunder zone.
12:51 of 1st period - Slapshot by Tyson Barrie.
12:51 of 1st period - Deflect By Pierre-Alexandre Parenteau.
12:51 of 1st period - Shot Misses the Net.
12:51 of 1st period - Puck is out of play.
12:52 of 1st period - Evgeny Grachev wins face-off versus Dany Roussin in Influenza zone.
13:23 of 1st period - Wrist shot by John Klingberg.
13:23 of 1st period - Shot Misses the Net.
14:35 of 1st period - Penalty to Magnus Paajarvi-Svensson is over, Magnus Paajarvi-Svensson is back on ice.
15:10 of 1st period - Slapshot by Ryan Russell.
15:10 of 1st period - Shot Misses the Net.
15:12 of 1st period - Slapshot by Tim Erixon.
15:12 of 1st period - Stopped by Devan Dubnyk without a rebound.
15:13 of 1st period - Daultan Leveillé wins face-off versus Jordan Schroeder in Thunder zone.
15:24 of 1st period - Snap shot by Magnus Paajarvi-Svensson.
15:24 of 1st period - Deflect By Daultan Leveillé.
15:24 of 1st period - Stopped by Thomas McCollum with a rebound.
15:46 of 1st period - Ben Smith is hit by Dany Roussin and loses puck.
16:13 of 1st period - Snap shot by Evgeny Grachev.
16:13 of 1st period - Goal by Evgeny Grachev - Thunder : 0 - Influenza : 3.
16:14 of 1st period - Charlie Coyle wins face-off versus Tom Pyatt in neutral zone.
16:39 of 1st period - Mathieu Carle is hit by Evgeny Kuznetsov and loses puck.
16:44 of 1st period - Snap shot by David Clarkson.
16:44 of 1st period - Shot Misses the Net.
16:46 of 1st period - Slapshot by Joey Ryan.
16:46 of 1st period - Shot Blocked by Mathieu Carle.
17:08 of 1st period - Snap shot by Robin Leblanc.
17:08 of 1st period - Shot Misses the Net.
17:44 of 1st period - Daultan Leveillé is hit by Ryan Russell and loses puck.
18:06 of 1st period - Slapshot by David Fischer.
18:06 of 1st period - Stopped by Thomas McCollum with a rebound.
18:12 of 1st period - Snap shot by David Clarkson.
18:12 of 1st period - Deflect By David Wolf.
18:12 of 1st period - Stopped by Thomas McCollum with a rebound.
18:14 of 1st period - Slapshot by David Fischer.
18:14 of 1st period - Stopped by Thomas McCollum with a rebound.
18:16 of 1st period - Slapshot by David Fischer.
18:16 of 1st period - Stopped by Thomas McCollum without a rebound.
18:17 of 1st period - Jamie Benn wins face-off versus Tom Pyatt in Influenza zone.
18:42 of 1st period - Tom Pyatt is hit by Carl Gunnarsson and loses puck.
19:13 of 1st period - Wrist shot by Tom Pyatt.
19:13 of 1st period - Stopped by Thomas McCollum without a rebound.
19:14 of 1st period - Evgeny Grachev wins face-off versus Daultan Leveillé in Influenza zone.
19:14 of 1st period - Evgeny Grachev is hit by Magnus Paajarvi-Svensson.
19:22 of 1st period - Snap shot by Evgeny Grachev.
19:22 of 1st period - Stopped by Devan Dubnyk with a rebound.
19:24 of 1st period - Wrist shot by Evgeny Grachev.
19:24 of 1st period - Stopped by Devan Dubnyk with a rebound.
19:26 of 1st period - Wrist shot by Evgeny Grachev.
19:26 of 1st period - Deflect By Jamie Benn.
19:26 of 1st period - Shot Misses the Net.
19:26 of 1st period - Puck is out of play.
19:27 of 1st period - Evgeny Grachev wins face-off versus Daultan Leveillé in Thunder zone.
Goals for this period are 0 for Thunder vs 3 for Influenza.
Shots for this period are 6 for Thunder vs 19 for Influenza.

2nd period


0:01 of 2nd period - Tom Pyatt wins face-off versus Charlie Coyle in neutral zone.
0:05 of 2nd period - Minor Penalty to Martins Karsums for High sticking.
0:06 of 2nd period - Evgeny Grachev wins face-off versus Tom Pyatt in Influenza zone.
0:25 of 2nd period - Ben Smith is hit by Dany Roussin and loses puck.
0:46 of 2nd period - Snap shot by Jay Beagle.
0:46 of 2nd period - Shot Misses the Net.
1:31 of 2nd period - Minor Penalty to Jay Beagle for Tripping.
1:32 of 2nd period - Dany Roussin wins face-off versus Evgeny Grachev in Thunder zone.
2:05 of 2nd period - Penalty to Martins Karsums is over, Martins Karsums is back on ice.
2:55 of 2nd period - Joey Ryan is hit by Jamie Benn and loses puck.
3:31 of 2nd period - Penalty to Jay Beagle is over, Jay Beagle is back on ice.
4:09 of 2nd period - Minor Penalty to Jordan Schroeder for Hooking.
4:10 of 2nd period - Tom Pyatt wins face-off versus Evgeny Grachev in Influenza zone.
4:17 of 2nd period - Snap shot by Tom Pyatt.
4:17 of 2nd period - Stopped by Thomas McCollum with a rebound.
4:19 of 2nd period - Slapshot by Joey Ryan.
4:19 of 2nd period - Stopped by Thomas McCollum with a rebound.
4:21 of 2nd period - Snap shot by Pierre-Alexandre Parenteau.
4:21 of 2nd period - Shot Misses the Net.
4:41 of 2nd period - Slapshot by Joey Ryan.
4:41 of 2nd period - Goal by Joey Ryan - Thunder : 1 - Influenza : 3.
4:42 of 2nd period - Tom Pyatt wins face-off versus Charlie Coyle in neutral zone.
4:45 of 2nd period - Martins Karsums is hit by Tom Pyatt and loses puck.
4:58 of 2nd period - Martins Karsums is hit by Dany Roussin and loses puck.
5:09 of 2nd period - John Klingberg is hit by David Clarkson and loses puck.
5:20 of 2nd period - Slapshot by Robbie Earl.
5:20 of 2nd period - Shot Misses the Net.
5:22 of 2nd period - Wrist shot by Martins Karsums.
5:22 of 2nd period - Shot Misses the Net.
5:24 of 2nd period - Snap shot by Martins Karsums.
5:24 of 2nd period - Shot Misses the Net.
5:26 of 2nd period - Slapshot by Matt Corrente.
5:26 of 2nd period - Shot Misses the Net.
5:28 of 2nd period - Slapshot by Carl Gunnarsson.
5:28 of 2nd period - Deflect By Martins Karsums.
5:28 of 2nd period - Shot Misses the Net.
5:28 of 2nd period - Puck is out of play.
5:29 of 2nd period - Tom Pyatt wins face-off versus Evgeny Grachev in Thunder zone.
5:31 of 2nd period - Icing by Dany Roussin.
5:32 of 2nd period - Ben Smith wins face-off versus Tom Pyatt in Thunder zone.
6:21 of 2nd period - Magnus Paajarvi-Svensson is hit by Carl Gunnarsson and loses puck.
6:48 of 2nd period - Wrist shot by Jay Beagle.
6:48 of 2nd period - Shot Blocked by Matt Corrente.
6:50 of 2nd period - Snap shot by Jay Beagle.
6:50 of 2nd period - Shot Blocked by Matt Corrente.
6:52 of 2nd period - Snap shot by Daultan Leveillé.
6:52 of 2nd period - Stopped by Thomas McCollum without a rebound.
6:53 of 2nd period - Evgeny Grachev wins face-off versus Tom Pyatt in Influenza zone.
7:02 of 2nd period - Slapshot by Mathieu Carle.
7:02 of 2nd period - Shot Blocked by David Fischer.
7:15 of 2nd period - Icing by Ben Smith.
7:16 of 2nd period - Evgeny Kuznetsov wins face-off versus Evgeny Grachev in Influenza zone.
7:17 of 2nd period - Snap shot by David Clarkson.
7:17 of 2nd period - Stopped by Thomas McCollum with a rebound.
7:21 of 2nd period - Wrist shot by David Clarkson.
7:21 of 2nd period - Shot Blocked by Mathieu Carle.
7:23 of 2nd period - Wrist shot by Tyson Barrie.
7:23 of 2nd period - Deflect By Jamie Benn.
7:23 of 2nd period - Stopped by Thomas McCollum with a rebound.
7:25 of 2nd period - Slapshot by Tyson Barrie.
7:25 of 2nd period - Stopped by Thomas McCollum with a rebound.
7:27 of 2nd period - Slapshot by Tyson Barrie.
7:27 of 2nd period - Stopped by Thomas McCollum without a rebound.
7:28 of 2nd period - Charlie Coyle wins face-off versus Tom Pyatt in Influenza zone.
7:28 of 2nd period - Charlie Coyle is hit by Joey Ryan.
7:40 of 2nd period - Slapshot by Tom Pyatt.
7:40 of 2nd period - Shot Misses the Net.
8:24 of 2nd period - Peter Andersson is hit by Jeremy Morin and loses puck.
8:40 of 2nd period - Peter Andersson is hit by Tim Erixon and loses puck.
8:45 of 2nd period - Wrist shot by Robin Leblanc.
8:45 of 2nd period - Stopped by Thomas McCollum without a rebound.
8:46 of 2nd period - Evgeny Grachev wins face-off versus Tom Pyatt in Influenza zone.
9:15 of 2nd period - Wrist shot by David Fischer.
9:15 of 2nd period - Deflect By Martins Karsums.
9:15 of 2nd period - Stopped by Thomas McCollum with a rebound.
11:00 of 2nd period - Slapshot by Andreas Engqvist.
11:00 of 2nd period - Shot Blocked by Jay Beagle.
11:02 of 2nd period - Slapshot by John Klingberg.
11:02 of 2nd period - Goal by John Klingberg - Thunder : 1 - Influenza : 4.
11:03 of 2nd period - Tom Pyatt wins face-off versus Evgeny Grachev in neutral zone.
11:08 of 2nd period - Wrist shot by Dany Roussin.
11:08 of 2nd period - Shot Misses the Net.
11:14 of 2nd period - Wrist shot by Dany Roussin.
11:14 of 2nd period - Stopped by Thomas McCollum with a rebound.
11:16 of 2nd period - Snap shot by Pierre-Alexandre Parenteau.
11:16 of 2nd period - Deflect By Tom Pyatt.
11:16 of 2nd period - Shot Blocked by John Klingberg.
11:16 of 2nd period - Puck is out of play.
11:17 of 2nd period - Charlie Coyle wins face-off versus Tom Pyatt in Influenza zone.
11:38 of 2nd period - Robbie Earl is hit by Pierre-Alexandre Parenteau and loses puck.
12:15 of 2nd period - Slapshot by Mathieu Carle.
12:15 of 2nd period - Shot Misses the Net.
12:33 of 2nd period - Wrist shot by Joey Ryan.
12:33 of 2nd period - Stopped by Thomas McCollum with a rebound.
12:35 of 2nd period - Slapshot by David Fischer.
12:35 of 2nd period - Goal by David Fischer - Thunder : 2 - Influenza : 4.
12:36 of 2nd period - Evgeny Grachev wins face-off versus Tom Pyatt in neutral zone.
12:41 of 2nd period - Wrist shot by Ben Smith.
12:41 of 2nd period - Shot Misses the Net.
12:43 of 2nd period - Snap shot by Ben Smith.
12:43 of 2nd period - Stopped by Devan Dubnyk without a rebound.
12:44 of 2nd period - Tom Pyatt wins face-off versus Evgeny Grachev in Thunder zone.
12:48 of 2nd period - Tom Pyatt is hit by Evgeny Grachev and loses puck.
13:13 of 2nd period - Wrist shot by Jay Beagle.
13:13 of 2nd period - Stopped by Thomas McCollum with a rebound.
13:15 of 2nd period - Slapshot by David Fischer.
13:15 of 2nd period - Deflect By Matt Corrente.
13:15 of 2nd period - Stopped by Thomas McCollum without a rebound.
13:16 of 2nd period - Charlie Coyle wins face-off versus Daultan Leveillé in Influenza zone.
13:42 of 2nd period - Peter Andersson is hit by John Klingberg and loses puck.
13:49 of 2nd period - Backhand shot by Pierre-Alexandre Parenteau.
13:49 of 2nd period - Stopped by Thomas McCollum with a rebound.
14:07 of 2nd period - John Klingberg is hit by David Wolf and loses puck.
14:38 of 2nd period - Minor Penalty to Dalton Smith for Slashing.
14:39 of 2nd period - Dany Roussin wins face-off versus Evgeny Grachev in Thunder zone.
14:48 of 2nd period - Slapshot by Martins Karsums.
14:48 of 2nd period - Deflect By Dany Roussin.
14:48 of 2nd period - Shot Misses the Net.
14:48 of 2nd period - Puck is out of play.
14:49 of 2nd period - Evgeny Grachev wins face-off versus Dany Roussin in Thunder zone.
15:25 of 2nd period - Slapshot by Martins Karsums.
15:25 of 2nd period - Deflect By Jamie Benn.
15:25 of 2nd period - Stopped by Devan Dubnyk with a rebound.
15:27 of 2nd period - Slapshot by Martins Karsums.
15:27 of 2nd period - Shot Misses the Net.
15:29 of 2nd period - Wrist shot by Jamie Benn.
15:29 of 2nd period - Goal by Jamie Benn - Thunder : 2 - Influenza : 5.
15:29 of 2nd period - Erik Ersberg enters game.
15:30 of 2nd period - Pierre-Alexandre Parenteau wins face-off versus Jordan Schroeder in neutral zone.
16:02 of 2nd period - Snap shot by Jay Beagle.
16:02 of 2nd period - Shot Misses the Net.
16:04 of 2nd period - Snap shot by Jay Beagle.
16:04 of 2nd period - Shot Blocked by Jeff May.
16:06 of 2nd period - Snap shot by Daultan Leveillé.
16:06 of 2nd period - Shot Blocked by Tim Erixon.
16:29 of 2nd period - Snap shot by Robin Leblanc.
16:29 of 2nd period - Shot Misses the Net.
16:31 of 2nd period - Snap shot by Dalton Smith.
16:31 of 2nd period - Shot Hit the Post.
16:41 of 2nd period - Jeff May is hit by Tyson Barrie.
16:45 of 2nd period - Evgeny Grachev is hit by David Clarkson and loses puck.
17:02 of 2nd period - Mathieu Carle is hit by Tom Pyatt.
17:29 of 2nd period - Slapshot by John Klingberg.
17:29 of 2nd period - Stopped by Erik Ersberg with a rebound.
18:11 of 2nd period - Slapshot by Corey Tropp.
18:11 of 2nd period - Stopped by Erik Ersberg with a rebound.
18:13 of 2nd period - Wrist shot by Ryan Russell.
18:13 of 2nd period - Shot Misses the Net.
18:15 of 2nd period - Slapshot by Andreas Engqvist.
18:15 of 2nd period - Stopped by Erik Ersberg with a rebound.
18:34 of 2nd period - Snap shot by Tom Pyatt.
18:34 of 2nd period - Shot Blocked by Martins Karsums.
18:36 of 2nd period - Snap shot by Pierre-Alexandre Parenteau.
18:36 of 2nd period - Goal by Pierre-Alexandre Parenteau - Thunder : 3 - Influenza : 5.
18:37 of 2nd period - Tom Pyatt wins face-off versus Evgeny Grachev in neutral zone.
19:00 of 2nd period - Icing by Mathieu Carle.
19:01 of 2nd period - Daultan Leveillé wins face-off versus Charlie Coyle in Influenza zone.
19:04 of 2nd period - Snap shot by Daultan Leveillé.
19:04 of 2nd period - Shot Misses the Net.
Goals for this period are 3 for Thunder vs 2 for Influenza.
Shots for this period are 17 for Thunder vs 7 for Influenza.

3rd period


0:01 of 3rd period - Tom Pyatt wins face-off versus Evgeny Grachev in neutral zone.
0:16 of 3rd period - Snap shot by Dany Roussin.
0:16 of 3rd period - Stopped by Thomas McCollum with a rebound.
0:36 of 3rd period - Joey Ryan is hit by Mathieu Carle and loses puck.
0:55 of 3rd period - Wrist shot by T.J Galiardi.
0:55 of 3rd period - Goal by T.J Galiardi - Thunder : 3 - Influenza : 6.
0:56 of 3rd period - Tom Pyatt wins face-off versus Evgeny Grachev in neutral zone.
1:03 of 3rd period - Snap shot by Dany Roussin.
1:03 of 3rd period - Stopped by Thomas McCollum without a rebound.
1:04 of 3rd period - Evgeny Grachev wins face-off versus Tom Pyatt in Influenza zone.
1:15 of 3rd period - Snap shot by Ben Smith.
1:15 of 3rd period - Stopped by Erik Ersberg with a rebound.
1:17 of 3rd period - Wrist shot by Evgeny Grachev.
1:17 of 3rd period - Shot Blocked by Joey Ryan.
1:46 of 3rd period - Minor Penalty to Matt Corrente for Hooking.
1:47 of 3rd period - Evgeny Grachev wins face-off versus Tom Pyatt in Influenza zone.
1:47 of 3rd period - Evgeny Grachev is hit by David Fischer.
1:53 of 3rd period - Slapshot by Mathieu Carle.
1:53 of 3rd period - Shot Misses the Net.
1:59 of 3rd period - Mathieu Carle is hit by David Fischer and loses puck.
2:22 of 3rd period - Snap shot by Tyson Barrie.
2:22 of 3rd period - Stopped by Thomas McCollum without a rebound.
2:23 of 3rd period - Charlie Coyle wins face-off versus Daultan Leveillé in Influenza zone.
2:23 of 3rd period - Charlie Coyle is hit by Joey Ryan.
2:47 of 3rd period - Evgeny Grachev is hit by Dany Roussin and loses puck.
3:20 of 3rd period - Minor Penalty to Dany Roussin for Hooking.
3:21 of 3rd period - Jared Staal wins face-off versus Ben Smith in Thunder zone.
3:28 of 3rd period - Snap shot by David Fischer.
3:28 of 3rd period - Shot Misses the Net.
3:46 of 3rd period - Penalty to Matt Corrente is over, Matt Corrente is back on ice.
4:26 of 3rd period - Snap shot by Jordan Schroeder.
4:26 of 3rd period - Stopped by Erik Ersberg with a rebound.
4:28 of 3rd period - Slapshot by Matt Corrente.
4:28 of 3rd period - Shot Misses the Net.
5:20 of 3rd period - Penalty to Dany Roussin is over, Dany Roussin is back on ice.
5:39 of 3rd period - Snap shot by Jeremy Morin.
5:39 of 3rd period - Stopped by Erik Ersberg with a rebound.
6:07 of 3rd period - Dany Roussin is hit by Tim Erixon and loses puck.
6:33 of 3rd period - Minor Penalty to David Wolf for Slashing.
6:34 of 3rd period - Evgeny Grachev wins face-off versus Dany Roussin in Thunder zone.
6:46 of 3rd period - Snap shot by Martins Karsums.
6:46 of 3rd period - Stopped by Erik Ersberg with a rebound.
7:08 of 3rd period - Snap shot by Tom Pyatt.
7:08 of 3rd period - Goal by Tom Pyatt - Thunder : 4 - Influenza : 6.
7:09 of 3rd period - Dany Roussin wins face-off versus Evgeny Grachev in neutral zone.
7:36 of 3rd period - Wrist shot by Ben Smith.
7:36 of 3rd period - Shot Misses the Net.
8:10 of 3rd period - Pierre-Alexandre Parenteau is hit by Charlie Coyle and loses puck.
8:33 of 3rd period - Penalty to David Wolf is over, David Wolf is back on ice.
8:43 of 3rd period - Peter Andersson is hit by T.J Galiardi and loses puck.
8:52 of 3rd period - Peter Andersson is hit by Jeremy Morin and loses puck.
9:13 of 3rd period - Snap shot by Ryan Russell.
9:13 of 3rd period - Shot Misses the Net.
9:15 of 3rd period - Snap shot by Ryan Russell.
9:15 of 3rd period - Shot Misses the Net.
10:09 of 3rd period - Matt Corrente is hit by David Wolf and loses puck.
10:32 of 3rd period - Wrist shot by Magnus Paajarvi-Svensson.
10:32 of 3rd period - Deflect By Daultan Leveillé.
10:32 of 3rd period - Shot Blocked by Martins Karsums.
10:32 of 3rd period - Puck is out of play.
10:33 of 3rd period - Evgeny Grachev wins face-off versus Daultan Leveillé in Influenza zone.
10:55 of 3rd period - Evgeny Grachev is hit by Daultan Leveillé and loses puck.
11:03 of 3rd period - Icing by Evgeny Grachev.
11:04 of 3rd period - Tom Pyatt wins face-off versus Ben Smith in Influenza zone.
11:33 of 3rd period - Snap shot by Jamie Benn.
11:33 of 3rd period - Deflect By Pierre-Alexandre Parenteau.
11:33 of 3rd period - Shot Misses the Net.
11:33 of 3rd period - Puck is out of play.
11:34 of 3rd period - Charlie Coyle wins face-off versus Daultan Leveillé in Thunder zone.
11:47 of 3rd period - Backhand shot by Jay Beagle.
11:47 of 3rd period - Shot Misses the Net.
11:49 of 3rd period - Snap shot by Daultan Leveillé.
11:49 of 3rd period - Shot Misses the Net.
12:20 of 3rd period - Snap shot by Dany Roussin.
12:20 of 3rd period - Stopped by Thomas McCollum with a rebound.
12:22 of 3rd period - Slapshot by David Fischer.
12:22 of 3rd period - Shot Blocked by Corey Tropp.
13:17 of 3rd period - Slapshot by John Klingberg.
13:17 of 3rd period - Shot Blocked by Tyson Barrie.
13:49 of 3rd period - Snap shot by Corey Tropp.
13:49 of 3rd period - Shot Blocked by Tyson Barrie.
14:07 of 3rd period - Snap shot by Tom Pyatt.
14:07 of 3rd period - Stopped by Thomas McCollum with a rebound.
14:11 of 3rd period - Snap shot by Tom Pyatt.
14:11 of 3rd period - Stopped by Thomas McCollum with a rebound.
14:31 of 3rd period - Evgeny Grachev is hit by Magnus Paajarvi-Svensson and loses puck.
14:51 of 3rd period - Snap shot by Jeremy Morin.
14:51 of 3rd period - Shot Blocked by Peter Andersson.
14:53 of 3rd period - Snap shot by Tim Erixon.
14:53 of 3rd period - Stopped by Erik Ersberg with a rebound.
15:06 of 3rd period - Off-side.
15:07 of 3rd period - Andreas Engqvist wins face-off versus Pierre-Alexandre Parenteau in neutral zone.
15:09 of 3rd period - Matt Corrente is hit by Josiah Didier and loses puck.
15:26 of 3rd period - Minor Penalty to Pierre-Alexandre Parenteau for Tripping.
15:27 of 3rd period - Dany Roussin wins face-off versus Evgeny Grachev in Thunder zone.
17:20 of 3rd period - David Clarkson is hit by Robbie Earl and loses puck.
17:26 of 3rd period - Penalty to Pierre-Alexandre Parenteau is over, Pierre-Alexandre Parenteau is back on ice.
18:00 of 3rd period - Minor Penalty to Daultan Leveillé for Roughing.
18:01 of 3rd period - Dany Roussin wins face-off versus Evgeny Grachev in Thunder zone.
18:06 of 3rd period - Snap shot by Martins Karsums.
18:06 of 3rd period - Stopped by Erik Ersberg without a rebound.
18:07 of 3rd period - Dany Roussin wins face-off versus Evgeny Grachev in Thunder zone.
18:22 of 3rd period - Slapshot by Evgeny Grachev.
18:22 of 3rd period - Stopped by Erik Ersberg without a rebound.
18:23 of 3rd period - Dany Roussin wins face-off versus Evgeny Grachev in Thunder zone.
0:00 - Penalty to Daultan Leveillé is over, Daultan Leveillé is back on ice.
Goals for this period are 1 for Thunder vs 1 for Influenza.
Shots for this period are 7 for Thunder vs 8 for Influenza.